AoeStats
← Vollbusige

Black Forest

503246504Analyzed
2v2 RM · 1mo ago on Aug 30, 2026· 52m 0s· 4 players
Game mode
Random Map
Map size
Medium (4 player)
Population
200
Speed
Normal
Resources
Standard
Victory
Conquest
Starting age
Dark Age
Ending age
Imperial Age
RankedLock teamsTeams togetherTeam positionsShared explorationLock speedFull tech treeHidden civsTurbo modeCheats
Victory
Defeat
🇫🇷 Hindustanis · France
939
+14
🇫🇷 Britons · France
938
+14
🇩🇪 Magyars · Germany
955
-17
🇩🇪 Bohemians · Germany
851
-12
Bongoboy
8:20 Loom
10:26 Feudal Age
13:25 Double-Bit Axe
15:48 Castle Age
16:21 Gold Mining
16:50 Horse Collar
18:21 Wheelbarrow
18:43 Scale Barding Armor
19:16 Wheelbarrow
20:55 Hand Cart
21:49 Bloodlines
23:24 Husbandry
25:56 Bow Saw
27:44 Chain Barding Armor
28:40 Corvinian Army
30:25 Heavy Plow
34:08 Imperial Age
33:37 Town Watch
33:56 Fletching
34:07 Padded Archer Armor
36:28 Plate Barding Armor
36:39 Conscription
38:23 Bodkin Arrow
38:43 Leather Archer Armor
39:18 Bracer
40:15 Parthian Tactics
40:01 Thumb Ring
40:30 Ring Archer Armor
40:06 Elite Magyar Huszar
41:01 Heavy Cavalry Archer
41:43 Recurve Bow
Vollbusige
13:50 Feudal Age
14:16 Double-Bit Axe
14:13 Horse Collar
21:26 Castle Age
25:11 Bow Saw
33:19 Chemistry
32:40 Ballistics
33:21 Wheelbarrow
32:32 Loom
32:32 Town Watch
32:52 Elite Skirmisher
34:15 Heavy Plow
35:47 Forging
42:42 Imperial Age
51:37 Two-Man Saw
hugobg
0:34 Loom
12:30 Feudal Age
13:09 Double-Bit Axe
19:18 Castle Age
17:30 Horse Collar
18:15 Fletching
19:44 Padded Archer Armor
20:15 Bow Saw
23:20 Pikeman
25:15 Squires
25:23 Heavy Plow
26:12 Yeomen
26:17 Gold Mining
27:39 Bodkin Arrow
29:38 Gold Shaft Mining
30:43 Wheelbarrow
29:53 Elite Skirmisher
31:29 Leather Archer Armor
31:25 Forging
31:15 Scale Mail Armor
36:24 Imperial Age
33:42 Town Watch
34:37 Hand Cart
36:07 Ballistics
36:11 Murder Holes
37:28 Conscription
36:45 Onager
37:57 Bracer
39:26 Fortified Wall
39:23 Siege Engineers
42:34 Elite Longbowman
43:17 Warwolf
45:08 Ring Archer Armor
44:54 Chain Mail Armor
45:14 Iron Casting
45:12 Halberdier
Maxpid
10:42 Feudal Age
11:22 Double-Bit Axe
13:35 Horse Collar
17:59 Castle Age
18:06 Scale Barding Armor
22:54 Pikeman
24:43 Bloodlines
24:33 Husbandry
25:35 Heavy Plow
27:34 Gold Mining
28:09 Squires
27:54 Arson
29:27 Husbandry
30:21 Bow Saw
30:10 Stone Mining
30:47 Loom
31:37 Wheelbarrow
30:47 Town Watch
31:24 Town Watch
32:30 Chain Barding Armor
32:20 Forging
31:37 Elite Skirmisher
36:26 Imperial Age
35:10 Stone Shaft Mining
35:14 Iron Casting
34:30 Fletching
34:40 Padded Archer Armor
36:53 Heavy Camel Rider
41:22 Imperial Camel Rider
43:00 Squires
42:45 Arson
45:11 Caravan
46:32 Ballistics
47:12 Chemistry
49:59 Bodkin Arrow
50:20 Leather Archer Armor
51:06 Blast Furnace
50:42 Plate Barding Armor
51:43 Bracer
52:13 Ring Archer Armor
52:22 Ring Archer Armor
Connection lost

Rejoining the realm…

Still unreachable

The connection could not be restored.

Session expired

The server has moved on; the page needs a fresh start.